 Dungeon Crawl Stone Soup version 0.27-a0-1431-gcffa5a9b16 (webtiles) character file.

Game seed: 16201577243078308179

28 Sin92 the Skirmisher (level 3, 0/33 HPs)
             Began as a Minotaur Fighter on July 2, 2021.
             Slain by a goblin (2 damage)
             ... led by Robin
             ... on level 2 of the Dungeon.
             The game lasted 00:00:48 (510 turns).

Sin92 the Skirmisher (Minotaur Fighter)              Turns: 510, Time: 00:00:48

Health: 0/33       AC:  7    Str: 21    XL:     3   Next: 0%
Magic:  2/2        EV:  7    Int:  5    God:
Gold:   58         SH:  9    Dex:  9    Spells: 2/2 levels left

rFire    . . .     SeeInvis .   a - +0 long sword
rCold    . . .     Faith    .   c - +0 kite shield
rNeg     . . .     Spirit   .   b - +0 scale mail
rPois    .         Reflect  .   (helmet restricted)
rElec    .         Harm     .   (no cloak)
rCorr    .         Rampage  .   (no gloves)
Will     .....                  (no boots)
Stlth    ..........             (no amulet)
HPRegen  0.11/turn              (no ring)
MPRegen  0.08/turn              (no ring)

@: no status effects
A: horns 2, retaliatory headbutt
a: no special abilities


You were on level 2 of the Dungeon.
You visited 1 branch of the dungeon, and saw 2 of its levels.

You collected 58 gold pieces.

Inventory:

Hand Weapons
 a - a +0 long sword (weapon)
Armour
 b - a +0 scale mail (worn)
 c - a +0 kite shield (worn)
Jewellery
 i - an amulet of the acrobat
Scrolls
 f - a scroll of noise {unknown}
 g - a scroll of enchant armour {unknown}
 h - a scroll of blinking {unknown}
Potions
 d - a potion of might
 e - a potion of mutation {unknown}


   Skills:
 + Level 4.0 Fighting
 * Level 3.1 Long Blades
 + Level 3.9 Armour
 + Level 0.9 Dodging
 + Level 3.8 Shields


You had 2 spell levels left.
You didn't know any spells.
Your spell library was empty.

Dungeon Overview and Level Annotations

Branches:
Dungeon (2/15)

Altars:

Annotations:
D:2 Robin


Innate Abilities, Weirdness & Mutations

You have a pair of horns on your head.
You reflexively headbutt those who attack you in melee.


Message History

Your headbutt misses the goblin. The hobgoblin hits you.
You block the goblin's attack. The goblin hits you but does no damage.
You block the goblin's attack. The goblin hits you with a +0 dagger.
You block the hobgoblin's attack. The goblin barely misses you.
You riposte.
You slash the goblin!
You kill the goblin!
The goblin hits you with a +0 club.
* * * LOW HITPOINT WARNING * * *
You miss the goblin. You headbutt the goblin.
The goblin is heavily wounded.
The goblin no longer looks unusually strong.
The goblin hits you with a +0 dagger.
* * * LOW HITPOINT WARNING * * *
You block the goblin's attack. The hobgoblin barely misses you.
You furiously retaliate!
You headbutt the hobgoblin. You block the goblin's attack.
Robin says, "Bow before me, strongest of all the hobgoblins!"
Robin roars a battlecry!
The goblin goes into a battle-frenzy!
You hit the goblin but do no damage.
The goblin is heavily wounded.
The hobgoblin no longer looks unusually strong. x2
The goblin barely misses you.
You riposte.
You slash the goblin!
You kill the goblin!
The goblin hits you but does no damage.
The hobgoblin hits you but does no damage.
You block the goblin's attack. Robin throws the goblin at you!
You block the goblin's attack. You block the hobgoblin's attack.
The goblin hits you but does no damage. The goblin hits you with a +0 club.
* * * LOW HITPOINT WARNING * * *
You have reached level 3!
Your experience leads to an increase in your attributes!
Increase (S)trength, (I)ntelligence, or (D)exterity?
You feel stronger.
Unknown command.
You barely miss the goblin. You block the goblin's attack.
The hobgoblin hits you but does no damage.
The goblin hits you but does no damage. You block the hobgoblin's attack.
The goblin hits you with a +0 club.
You die...

####### ##### #.....#
#...# #.....# #...#
#.....# #...# #..g..#
#...#
...##.ggg?##########...#
......g@g...............
..#######.##############
#.# #.. #.# #.# #.# #.#
#.# #.# #.# #.# #.# #..
###


You could see Robin, 2 hobgoblins and 3 goblins.

Vanquished Creatures
  A dart slug (D:2)
  3 ball pythons (D:1)
  5 bats (D:1)
  5 endoplasms (D:1)
  4 goblins (D:2)
  3 hobgoblins
  2 frilled lizards (D:1)
  3 rats (D:1)
26 creatures vanquished.

Notes
Turn   | Place    | Note
-------+----------+-------------------------------------------
     0 | D:1      | Sin92 the Minotaur Fighter began the quest for the Orb.
     0 | D:1      | Reached XP level 1. HP: 19/19 MP: 0/0
    92 | D:1      | Reached XP level 2. HP: 27/27 MP: 1/1
   497 | D:2      | Noticed Robin
   503 | D:2      | Reached skill level 4 in Fighting
   509 | D:2      | HP: 1/27 [goblin[Robin] (3)]
   510 | D:2      | Reached XP level 3. HP: 2/33 MP: 2/2
   510 | D:2      | Slain by a goblin

Illustrated notes

Levels and vault maps discovered:
D:1:      evilmike_arrival_home_sweet_home, layout_rooms
D:2:      layout_basic, uniq_sigmund, uniq_robin

Skill      XL: |  1  2 |
---------------+-------+-----
Long Blades    | 3 |  3.1
Fighting       | 4 |  4.0
Armour         | |  3.9
Dodging        | |  0.9
Shields        | |  3.8

Action                   || total
-------------------------++-------
Melee: Long sword        ||    38
       Headbutt          ||     4
Armor: Scale mail        ||    23
Dodge: Dodged            ||    24
Block: Kite shield       ||    31
       Rpst.: Long sword ||     5

Table legend: (Time is in decaauts)
 A = Elapsed time spent in this place.
 B = Non-inter-level travel time spent in this place.
 C = Inter-level travel time spent in this place.
 D = Time resting spent in this place.
 E = Time spent auto-exploring this place.
 F = Levels seen in this place.
 G = Mean time per level.
                   A        B        C        D        E       F      G
               +--------+--------+--------+--------+--------+-----+--------+
         Total |    528 |    514 |     14 |      0 |    403 |   2 |  264.0 |
       Dungeon |    528 |    514 |     14 |      0 |    403 |   2 |  264.0 |
               +--------+--------+--------+--------+--------+-----+--------+

Top non-repeatable levels by time:
     D:1: 432 daAuts
     D:2: 96 daAuts
